 Dungeon Crawl Stone Soup version 0.21.1-1-g345015f (webtiles) character file.

263 Fang the Chopper (level 6, -1/39 HPs)
             Began as a Gargoyle Berserker on July 31, 2018.
             Was a Priest of Trog.
             Killed by divine providence
             ... invoked by an orc priest
              (12 damage)
             ... on level 4 of the Dungeon.
             The game lasted 00:03:13 (3065 turns).

Fang the Chopper (Gargoyle Berserker)               Turns: 3065, Time: 00:03:13

Health: -1/39      AC:  6    Str: 22    XL:     6   Next: 19%
Magic:  6/6        EV: 12    Int:  8    God:    Trog [***...]
Gold:   112        SH:  0    Dex:  9    Spells: 5/5 levels left

rFire    . . .     SeeInvis .   a - +0 hand axe
rCold    . . .     Gourm    .   (no shield)
rNeg     + . .     Faith    +   b - +0 animal skin
rPois    ∞         Spirit   .   (no helmet)
rElec    +         Reflect  .   (no cloak)
rCorr    .         Harm     .   (no gloves)
MR       .....                  (no boots)
Stlth    ..........             h - amulet of faith
HPRegen  0.13/turn              o - ring of loudness (curse)
MPRegen  0.10/turn              (no ring)

@: berserk cooldown, starving, slowed, very slow
A: negative energy resistance 1, electricity resistance, unbreathing,
petrification resistance, rot immunity, AC +4
a: Berserk, Trog's Hand, Burn Spellbooks, Renounce Religion


You were on level 4 of the Dungeon.
You worshipped Trog.
Trog was most pleased with you.
You were starving.

You visited 1 branch of the dungeon, and saw 4 of its levels.

You collected 112 gold pieces.

Inventory:

Hand Weapons
 a - a +0 hand axe (weapon)
Armour
 b - a +0 animal skin (worn)
Jewellery
 h - an amulet of faith (around neck)
 l - an uncursed ring of see invisible {unknown}
 o - a cursed ring of loudness (left hand)
Scrolls
 d - a scroll of magic mapping {unknown}
 e - 5 scrolls of teleportation {unknown}
 i - a scroll of amnesia {unknown}
 j - 4 scrolls of identify {unknown}
 k - a scroll of noise {unknown}
 m - a scroll of remove curse {unknown}
Potions
 f - 2 potions of agility {unknown}
 g - a potion of resistance {unknown}
 n - 4 potions of curing {unknown}
 p - a potion of haste {unknown}
Comestibles
 c - 8 rations


   Skills:
 + Level 4.3 Fighting
 + Level 4.6 Axes
 + Level 2.2 Armour
 + Level 3.0 Dodging
 + Level 0.6 Stealth


You had 5 spell levels left.
You didn't know any spells.

Dungeon Overview and Level Annotations

Branches:
Dungeon (4/15)
 Temple: D:4-7

Altars:
Nemelex Xobeh
Okawaru
Ru
Xom


Innate Abilities, Weirdness & Mutations

You are resistant to torment.
Your stone body is resilient. (AC +4)
You are immune to poison.
You resist negative energy. (rN+)
You are resistant to electric shocks. (rElec)
You can survive without breathing.
You are immune to petrification.
You are immune to rotting.


Message History

Trog accepts your kill.
You hit the orc. The orc wizard barely misses you.
The crimson imp barely misses you. The orc hits you with a mace.
The orc priest hits you from afar with a trident.
* * * LOW HITPOINT WARNING * * *
You slash the orc wizard!
You kill the orc wizard!
Trog accepts your kill.
Trog appreciates your killing of a magic user.
You hit the orc.
You kill the orc!
Trog accepts your kill.
You barely miss the crimson imp.
You are no longer berserk.
You are exhausted.
You feel yourself slow down. The crimson imp barely misses you.
The orc priest barely misses you.
The orc priest invokes the aid of Beogh against you.
Beogh smites you!
You die...

....... .......
####....... ########
#..........
#......####..........
##
.............o.......
.#
.......$.?..)........
.# ........$..5@.# .#
.##.......)..# .#
#..........# .#
#........).#
.#######............#
....................#
......................
##########+##........##
#........#


You could see an orc priest and a crimson imp.

Vanquished Creatures
  A bullfrog skeleton (D:4)
  2 orc wizards
  Jessica (D:2)
  4 adders
  5 worms (D:3)
  A dart slug (D:1)
  2 leopard geckos
  9 orcs
  A giant cockroach (D:1)
  12 goblins
  8 hobgoblins
  6 jackals
  A ball python (D:1)
  11 bats
  5 frilled lizards
  8 kobolds
  A leopard gecko skeleton (D:4)
  13 rats
91 creatures vanquished.

Notes
Turn   | Place    | Note
-------+----------+-------------------------------------------
     0 | D:1      | Fang the Gargoyle Berserker began the quest for the Orb.
     0 | D:1      | Reached XP level 1. HP: 14/14 MP: 1/1
   331 | D:1      | Reached XP level 2. HP: 18/19 MP: 2/2
   655 | D:1      | Reached XP level 3. HP: 17/24 MP: 3/3
   922 | D:2      | Found an iron altar of Okawaru.
   939 | D:2      | Reached ** piety under Trog
  1287 | D:2      | Reached XP level 4. HP: 29/29 MP: 4/4
  1329 | D:2      | Noticed Jessica
  1348 | D:2      | Killed Jessica
  1810 | D:3      | Found a shimmering altar of Xom.
  1837 | D:3      | Found a sacrificial altar of Ru.
  1936 | D:3      | Reached XP level 5. HP: 19/33 MP: 5/5
  2166 | D:3      | Reached *** piety under Trog
  2827 | D:3      | Found a sparkling altar of Nemelex Xobeh.
  3012 | D:4      | Reached XP level 6. HP: 31/38 MP: 6/6
  3065 | D:4      | Killed from afar by an orc priest

Skill      XL: |  1  2  3  4  5 |
---------------+----------------+-----
Axes           | 3 4 |  4.6
Dodging        | 2 3 |  3.0
Fighting       | 4 |  4.3
Armour         | |  2.2
Stealth        | |  0.6

Action                   |  1- 3 |  4- 6 || total
-------------------------+-------+-------++-------
Melee: Hand axe          |   147 |   185 ||   332
Invok: Berserk           |       |     1 ||     1
  Eat: Chunk             |     1 |     5 ||     6
Armor: Animal skin       |    55 |    55 ||   110
Dodge: Dodged            |   118 |   139 ||   257
